 Dungeon Crawl Stone Soup version 0.21-a0-104-g7b58145 (webtiles) character file.

366 Ijustatesigmund the Skirmisher (level 6, -8/68 HPs)
             Began as an Ogre Hunter on July 6, 2017.
             Mangled by an ogre
             ... wielding a +0 giant club
              (17 damage)
             ... on level 4 of the Dungeon.
             The game lasted 00:08:12 (3769 turns).

Ijustatesigmund the Skirmisher (Ogre Hunter)        Turns: 3769, Time: 00:08:13

Health: -8/68      AC:  0    Str: 17    XL:     6   Next: 68%
Magic:  6/6        EV: 10    Int: 12    God:
Gold:   200        SH:  0    Dex: 11    Spells: 5/5 levels left

rFire    + . .     SeeInvis .   a - +0 flail
rCold    + . .     Gourm    .   (no shield)
rNeg     . . .     Faith    .   b - +1 robe
rPois    .         Spirit   .   (helmet restricted)
rElec    .         Reflect  .   l - scarf {rC+ rF+}
rCorr    .         Harm     .   (gloves unavailable)
MR       .....                  (boots unavailable)
Stlth    +.........             (no amulet)
HPRegen  0.21/turn              (no ring)
MPRegen  0.10/turn              (no ring)

@: about to teleport, corroded
A: unfitting armour, tough skin 1
a: no special abilities


You were on level 4 of the Dungeon.
You were hungry.

You visited 1 branch of the dungeon, and saw 4 of its levels.

You collected 200 gold pieces.

Inventory:

Hand Weapons
 a - a +0 flail (weapon)
Missiles
 c - a large rock (quivered)
 d - a throwing net
Armour
 b - a +1 robe (worn)
 l - a scarf of resistance (worn)
Wands
 e - a wand of polymorph (11/24)
Scrolls
 h - 2 scrolls of enchant armour
 k - 3 scrolls of amnesia
 o - a scroll of identify
Potions
 m - a potion of resistance
 n - 2 potions of invisibility
 p - a potion of curing
Books
 q - a book of Cantrips

   Spells                             Type                      Level
   a - Confusing Touch                Hexes                        1
   b - Animate Skeleton               Necromancy                   1
   c - Summon Small Mammal            Summoning                    1
   d - Apportation                    Translocation                1
Comestibles
 f - 2 bread rations
 g - 5 meat rations
 i - 2 royal jellies


   Skills:
 + Level 6.8 Fighting
 + Level 3.8 Maces & Flails
 - Level 4.0 Throwing
 - Level 1.7 Dodging
 - Level 0.6 Stealth


You had 5 spell levels left.
You didn't know any spells.

Dungeon Overview and Level Annotations

Branches:
Dungeon (4/15)
 Temple: D:4-7

Altars:
Hepliaklqana
Nemelex Xobeh


Innate Abilities, Weirdness & Mutations

You are too large for most types of armour.
You have tough skin. (AC +1)


Message History

You kill the orc!
Found a stone staircase leading up.
You hit the ogre but do no damage. The ogre hits you with a giant club!
You hit the ogre.
The ogre is lightly wounded.
The ogre barely misses you.
You hit the ogre.
The ogre is lightly wounded.
The jelly hits you. The acid corrodes you!
You are splashed with acid!
The acid burns!
The ogre hits you with a giant club!!
* * * LOW HITPOINT WARNING * * *
The jelly hits you.
* * * LOW HITPOINT WARNING * * *
You are splashed with acid!
The acid burns!
* * * LOW HITPOINT WARNING * * *
Okay, then.
Okay, then.
As you read the scroll of teleportation, it crumbles to dust.
You feel strangely unstable. The ogre hits you with a giant club!
You die...

..< #.# ####..# ....
.##..## #........
#...#..##..######.........
#.......................o.
...##.........#...........
#..##............O(.......
#..#...........@J........
##..............).........
................).......#
...##...................#
.........................>
...##>.......#.........##.
...##.....................
...#######..............##
#### #†..#.......♣.♣.#


You could see an ogre and a jelly.

Vanquished Creatures
  Sigmund (D:2)
  An orc wizard (D:4)
  2 worker ants (D:4)
  Terence (D:3)
  A gnoll (D:1)
  4 adders
  A dart slug (D:1)
  3 leopard geckos
  2 orcs (D:4)
  A ball python (D:2)
  3 giant cockroaches (D:3)
  5 goblins
  13 hobgoblins
  8 jackals
  3 quokkas
  8 bats
  4 frilled lizards
  9 kobolds
  6 rats
76 creatures vanquished.

Notes
Turn   | Place    | Note
-------+----------+-------------------------------------------
     0 | D:1      | Ijustatesigmund the Ogre Hunter began the quest for the Orb.
     0 | D:1      | Reached XP level 1. HP: 22/22 MP: 1/1
    83 | D:1      | Reached skill level 3 in Fighting
   381 | D:1      | Reached XP level 2. HP: 20/31 MP: 2/2
   832 | D:1      | Reached skill level 4 in Fighting
  1046 | D:1      | Reached skill level 1 in Maces & Flails
  1046 | D:1      | Reached XP level 3. HP: 26/39 MP: 3/3
  1752 | D:3      | HP: 2/40 [poisoned by an adder]
  1760 | D:3      | HP: 1/40 [poisoned by an adder]
  2063 | D:3      | Found a hazy altar of Hepliaklqana.
  2088 | D:2      | Noticed Sigmund
  2094 | D:2      | Reached XP level 4. HP: 33/49 MP: 4/4
  2095 | D:2      | Killed Sigmund
  2095 | D:2      | Reached skill level 6 in Fighting
  2095 | D:2      | Reached XP level 5. HP: 40/59 MP: 5/5
  2335 | D:2      | Found a faded altar of an unknown god.
  2695 | D:3      | Reached XP level 6. HP: 65/67 MP: 6/6
  3415 | D:3      | Noticed Terence
  3420 | D:3      | Killed Terence
  3547 | D:3      | Found a sparkling altar of Nemelex Xobeh.
  3769 | D:4      | Mangled by an ogre

Vault maps used:
D:1:      wheals_arrival_linesprint
D:2:      chequers_ecumenical_altar_island, minmay_misc_feat_cross, uniq_sigmund
D:3:      lemuel_crystal_altar, nemelex_spade_bored_becter, uniq_terence
D:4:      serial_forest, infiniplex_forest_lined_2, infiniplex_forest_corner_2,
          infiniplex_forest_clump_curved, infiniplex_forest_lined_2,
          infiniplex_forest_clump_small, infiniplex_forest_end_2,
          infiniplex_forest_clump_small

Skill      XL: |  1  2  3  4 |
---------------+-------------+-----
Fighting       | 3 4 6 |  6.8
Maces & Flails | 1 3 |  3.8
Throwing       | |  4.0
Dodging        | |  1.7
Stealth        | |  0.6

Action                   |  1- 3 |  4- 6 || total
-------------------------+-------+-------++-------
Melee: Short sword       |    17 |       ||    17
       Club              |   126 |    24 ||   150
       Mace              |       |    91 ||    91
       Flail             |       |    21 ||    21
Throw: Large rock        |    11 |    13 ||    24
       Throwing net      |       |     2 ||     2
  Use: Potion            |     2 |       ||     2
       Scroll            |       |    11 ||    11
  Eat: Chunk             |     3 |     6 ||     9
Armor: Robe              |    61 |    61 ||   122
Dodge: Dodged            |   114 |   100 ||   214
